 Dungeon Crawl Stone Soup version 0.28-a0-1087-gf3fc490d9d (webtiles) character file.

Game seed: 16601529837569944912

164 karrick the Skirmisher (level 5, 0/33 HPs)
             Began as a Gargoyle Fighter on Dec 11, 2021.
             Slain by an orc wizard (4 damage)
             ... on level 3 of the Dungeon.
             The game lasted 00:03:26 (1974 turns).

karrick the Skirmisher (Gargoyle Fighter)           Turns: 1974, Time: 00:03:26

Health: 0/33       AC: 12    Str: 20    XL:     5   Next: 45%
Magic:  5/5        EV: 10    Int:  8    God:
Gold:   38         SH:  4    Dex: 11    Spells: 4/4 levels left

rFire   . . .      SeeInvis .   a - +0 flail
rCold   . . .      Faith    .   c - +0 buckler
rNeg    + . .      Spirit   .   b - +0 scale mail
rPois   ∞          Reflect  .   k - +0 helmet
rElec   +          Harm     .   (no cloak)
rCorr   .          Rampage  .   (no gloves)
Will    .....                   (no boots)
Stlth   ..........              (no amulet)
HPRegen 0.11/turn               (no ring)
MPRegen 0.09/turn               (no ring)

@: brilliant
A: sickness immunity, AC +4, negative energy resistance 1, electricity
resistance, torment resistance 1, petrification resistance
a: no special abilities


You were on level 3 of the Dungeon.
You visited 1 branch of the dungeon, and saw 3 of its levels.

You collected 38 gold pieces.

Inventory:

Hand Weapons
 a - a +0 flail (weapon)
Armour
 b - a +0 scale mail (worn)
 c - a +0 buckler (worn)
 k - a +0 helmet (worn)
Scrolls
 e - a scroll of teleportation {unknown}
 f - 2 scrolls of identify {unknown}
 h - a scroll of magic mapping {unknown}
 j - a scroll of blinking {unknown}
 l - a scroll of fog {unknown}
Potions
 i - 4 potions of might


   Skills:
 + Level 4.2 Fighting
 + Level 3.5 Maces & Flails
 + Level 4.1 Armour
 + Level 1.1 Dodging
 + Level 3.7 Shields


You had 4 spell levels left.
You didn't know any spells.
Your spell library contained the following spells:

 Spells                   Type           Power      Damage    Failure   Level
 Apportation              Tloc           0%         N/A       77%         1
 Alistair's Intoxication  Tmut/Pois      0%         N/A       100%        5


Dungeon Overview and Level Annotations

Branches:
Dungeon (3/15)

Altars:


Innate Abilities, Weirdness & Mutations

You are immune to sickness and miasma.
Your stone body is resilient. (AC +4)
You are immune to poison.
You resist negative energy. (rN+)
You are resistant to electric shocks. (rElec)
You are resistant to unholy torment.
You are immune to petrification.


Message History

You're too confused to move!
Something hits you but does no damage.
It was a potion of brilliance.
You feel clever all of a sudden. Something hits you but does no damage.
You bump into the rock wall.
Something completely misses you.
It was a potion of magic.
Magic courses through your body. Something hits you but does no damage.
You completely miss something. Something hits you but does no damage.
You bump into the rock wall.
You hear some strange, mumbled words.
Something tries to affect you, but you resist.
You bump into the rock wall.
Something hits you but does no damage.
You bump into the rock wall.
Something hits you.
You bump into the rock wall.
Something hits you but does no damage.
You completely miss something.
You feel less confused. You block something's attack.
You barely miss something.
Something hits you but does no damage. x2
You miss something. Something hits you.
* * * LOW HITPOINT WARNING * * *
You miss something. Something hits you but does no damage.
You closely miss something. Something hits you but does no damage.
You barely miss something. Something hits you.
* * * LOW HITPOINT WARNING * * *
The orc wizard mumbles some strange words.
The orc wizard flickers and vanishes!
You closely miss something.
Something hits you but does no damage. x2
You miss something. Something hits you but does no damage.
You miss something. Something hits you but does no damage.
You thump something! Something hits you but does no damage.
You closely miss something. You block something's attack.
Something hits you but does no damage.
You barely miss something. Something hits you.
* * * LOW HITPOINT WARNING * * *
You aren't carrying any items that you can evoke.
You hit something. Something hits you but does no damage.
You miss something. Something hits you but does no damage.
You miss something.
Something hits you but does no damage. x2
You miss something. Something hits you.
You die...

###..# .# .....### ### ..
#...... ..##.###.. #.....
#.#...#...# #....
............. ...
............# #.#
............# #@#
............# #{# ##
............# #w# .#
..<.......# #J##.#####
..........#### #g#......##
#.....#......# #{o.......#
#..##.....##.# #..........
...##...#..#.###..........
...###..##.#.##...........


You could see a worm, an orc, an endoplasm and a hobgoblin.

Vanquished Creatures
  A hound skeleton (D:2)
  Robin (D:3)
  3 gnolls (D:3)
  4 adders
  An orc (D:3)
  4 bats
  3 endoplasms
  2 giant cockroaches
  15 goblins
  7 hobgoblins
  5 jackals
  3 quokkas
  7 ball pythons
  2 frilled lizards (D:3)
  7 kobolds
  5 rats
70 creatures vanquished.

Notes
Turn   | Place    | Note
-------+----------+-------------------------------------------
     0 | D:1      | karrick the Gargoyle Fighter began the quest for the Orb.
     0 | D:1      | Reached XP level 1. HP: 14/14 MP: 1/1
    85 | D:1      | Reached XP level 2. HP: 3/19 MP: 2/2
   626 | D:1      | Reached XP level 3. HP: 10/23 MP: 3/3
  1285 | D:2      | Reached XP level 4. HP: 28/28 MP: 4/4
  1568 | D:3      | Reached skill level 1 in Dodging
  1738 | D:3      | Reached XP level 5. HP: 33/33 MP: 5/5
  1768 | D:3      | Noticed Robin
  1837 | D:3      | Killed Robin
  1974 | D:3      | Slain by an orc wizard

Illustrated notes

Levels and vault maps discovered:
D:1:      amcnicky_arrival_feature_with_door, layout_rooms
D:2:      layout_basic, basic_altar, serial_shops, nicolae_shop_statue_plus,
          hangedman_feature_mirror
D:3:      layout_rooms, shapermc_ecumenical_altar_petra, uniq_robin

Skill      XL: |  1  2  3  4 |
---------------+-------------+-----
Armour         | 4 |  4.1
Maces & Flails | 3 |  3.5
Dodging        | 1 |  1.1
Fighting       | 4 |  4.2
Shields        | |  3.7

Action                   |  1- 3 |  4- 6 || total
-------------------------+-------+-------++-------
Melee: Flail             |   109 |   152 ||   261
  Use: Potion            |     1 |     2 ||     3
Armor: Scale mail        |    76 |   100 ||   176
Dodge: Dodged            |    56 |    68 ||   124
Block: Buckler           |    27 |    36 ||    63

Table legend: (Time is in decaauts)
 A = Elapsed time spent in this place.
 B = Non-inter-level travel time spent in this place.
 C = Inter-level travel time spent in this place.
 D = Time resting spent in this place.
 E = Time spent auto-exploring this place.
 F = Levels seen in this place.
 G = Mean time per level.
                   A        B        C        D        E       F      G
               +--------+--------+--------+--------+--------+-----+--------+
         Total |   2043 |   2043 |      0 |      0 |   1470 |   3 |  681.0 |
       Dungeon |   2043 |   2043 |      0 |      0 |   1470 |   3 |  681.0 |
               +--------+--------+--------+--------+--------+-----+--------+

Top non-repeatable levels by time:
     D:1: 962 daAuts
     D:3: 575 daAuts
     D:2: 506 daAuts
